 Dungeon Crawl Stone Soup version 0.28-a0-984-g3775c662fe (webtiles) character file.

Game seed: 7802360747002454710

179 devianceone the Chopper (level 5, -1/47 HPs)
             Began as a Minotaur Berserker on Dec 3, 2021.
             Was a Believer of Trog.
             Succumbed to a water moccasin's poison
             ... in a sewer.
             The game lasted 00:10:23 (1887 turns).

devianceone the Chopper (Minotaur Berserker)        Turns: 1887, Time: 00:10:24

Health: -1/47      AC:  6    Str: 20 (23) XL:     5   Next: 33%
Magic:  4/4        EV: 11    Int:  3 (4)  God:    Trog [**....]
Gold:   39         SH:  0    Dex:  9 (10) Spells: 4/4 levels left

rFire   . . .      SeeInvis .   a - +0 hand axe
rCold   . . .      Faith    .   (no shield)
rNeg    . . .      Spirit   .   p - +0 ring mail
rPois   .          Reflect  .   (helmet restricted)
rElec   .          Harm     .   m - +0 cloak
rCorr   .          Rampage  .   (no gloves)
Will    .....                   (no boots)
Stlth   ..........              (no amulet)
HPRegen 0.15/turn               (no ring)
MPRegen 0.09/turn               (no ring)

@: brilliant, lethally poisoned (-1 -> -25)
A: horns 2, retaliatory headbutt
a: Renounce Religion, Berserk, Trog's Hand


You were in a sewer.
You worshipped Trog.
Trog was pleased with you.
You visited 1 branch of the dungeon, and saw 3 of its levels.
You also visited: Sewer.

You collected 39 gold pieces.

Inventory:

Hand Weapons
 a - a +0 hand axe (weapon)
 b - a +2 short sword of holy wrath
 c - a +0 dagger of venom
Missiles
 d - 48 bolts
 g - 28 arrows
 i - 15 poisoned darts (quivered)
 j - 59 stones
 n - 4 boomerangs
Armour
 m - a +0 cloak (worn)
 p - a +0 ring mail (worn)
Jewellery
 r - a ring of wizardry
Scrolls
 l - a scroll of vulnerability
Potions
 h - a potion of invisibility {unknown}


   Skills:
 + Level 4.7 Fighting
 + Level 5.7 Axes
 + Level 3.6 Armour
 + Level 2.7 Dodging


You had 4 spell levels left.
You didn't know any spells.
Your spell library was empty.

Dungeon Overview and Level Annotations

Branches:
Dungeon (3/15)              Sewer (1/1)

Altars:


Innate Abilities, Weirdness & Mutations

You have a pair of horns on your head.
You reflexively headbutt those who attack you in melee.


Message History

a +0 dagger; a jackal corpse
Found a white potion.
Found a scroll labelled PAEQAU ZOEGIVA.
e - a scroll labelled PAEQAU ZOEGIVA
h - a white potion
As you read the scroll labelled PAEQAU ZOEGIVA, it crumbles to dust.
You feel strangely unstable.
It was a scroll of teleportation.
Unknown command.
Your surroundings seem slightly different.
You enter the shallow water.
Moving in this stuff is going to be slow.
You enter the shallow water.
Moving in this stuff is going to be slow.
You feel clever all of a sudden.
A water moccasin comes into view.
Found a scroll labelled PIHIPH WUSO and 6 gold pieces.
You miss the water moccasin. The water moccasin bites you.
The water moccasin bites you but does no damage.
You miss the water moccasin.
The water moccasin bites you but does no damage.
You closely miss the water moccasin. The water moccasin bites you.
You miss the water moccasin.
Your headbutt misses the water moccasin.
The water moccasin bites you. x2
You are poisoned.
The water moccasin poisons you!
You hit the water moccasin but do no damage.
Your headbutt misses the water moccasin.
You feel very sick. The water moccasin bites you.
You barely miss the water moccasin.
Your headbutt misses the water moccasin.
* * * LOW HITPOINT WARNING * * *
You feel very sick. The water moccasin bites you!
* * * LOW HITPOINT WARNING * * *
You are more poisoned.
The water moccasin poisons you! The water moccasin bites you.
* * * LOW HITPOINT WARNING * * *
You die...

#..≈≈.##
#.≈.#≈..#
#..###..##
#..≈ #...#
#.≈# ##≈.#
#.. #≈.#
#..# ##.≈#
#≈@.#
##..##
#.S.#
#.≈≈≈.##
#≈...≈#
##..≈##
#≈.≈ ≈#≈#
$?#.


You could see a water moccasin.

Vanquished Creatures
  The ghost of Dongs the Skirmisher, a weakling GrBe of Trog (D:3)
  Robin (D:3)
  6 adders
  2 worms (D:3)
  A dart slug (D:1)
  5 ball pythons
  5 endoplasms
  3 giant cockroaches
  8 hobgoblins
  9 jackals
  A quokka (D:2)
  4 frilled lizards (D:1)
  10 goblins
  6 kobolds
  3 rats
65 creatures vanquished.

Notes
Turn   | Place    | Note
-------+----------+-------------------------------------------
     0 | D:1      | devianceone the Minotaur Berserker began the quest for the
                  | Orb.
     0 | D:1      | Reached XP level 1. HP: 19/19 MP: 0/0
    64 | D:1      | Reached XP level 2. HP: 21/27 MP: 1/1
   213 | D:1      | Reached skill level 4 in Axes
   942 | D:2      | Found a faded altar of an unknown god.
   969 | D:2      | Reached XP level 3. HP: 33/33 MP: 2/2
  1332 | D:2      | Reached ** piety under Trog
  1499 | D:3      | Noticed Robin
  1531 | D:3      | Reached XP level 4. HP: 22/41 MP: 3/3
  1561 | D:3      | Killed Robin
  1580 | D:3      | Found a runed translucent door.
  1582 | D:3      | Noticed Dongs's ghost (weakling GrBe)
  1603 | D:3      | Killed Dongs's ghost
  1604 | D:3      | Reached skill level 5 in Axes
  1643 | D:3      | Reached XP level 5. HP: 13/47 MP: 4/4
  1689 | D:3      | Found a glowing drain.
  1708 | Sewer    | Entered a sewer
  1878 | Sewer    | Noticed a water moccasin
  1887 | Sewer    | Succumbed to a water moccasin's poison

Illustrated notes

Levels and vault maps discovered:
D:1:      minmay_arrival_up_and_down, layout_basic
D:2:      layout_basic, hellmonk_ecumenical_altar_run_dry
D:3:      layout_rooms, gup_sewer_entry_bubbles, hellmonk_ghost_happy_afterlife,
          uniq_robin, uniq_natasha, uniq_terence
Sewer:    sewer_the_moccasin

Skill      XL: |  1  2  3  4 |
---------------+-------------+-----
Fighting       | 4 |  4.7
Axes           | 4 5 |  5.7
Armour         | 3 |  3.6
Dodging        | |  2.7

Action                   |  1- 3 |  4- 6 || total
-------------------------+-------+-------++-------
Melee: Hand axe          |    70 |    67 ||   137
       Headbutt          |    12 |     9 ||    21
  Use: Scroll            |     1 |     3 ||     4
       Potion            |       |     5 ||     5
Armor: Animal skin       |     3 |       ||     3
       Scale mail        |     5 |       ||     5
       Leather armour    |     1 |       ||     1
       Ring mail         |    18 |    22 ||    40
Dodge: Dodged            |    44 |    45 ||    89

Table legend: (Time is in decaauts)
 A = Elapsed time spent in this place.
 B = Non-inter-level travel time spent in this place.
 C = Inter-level travel time spent in this place.
 D = Time resting spent in this place.
 E = Time spent auto-exploring this place.
 F = Levels seen in this place.
 G = Mean time per level.
                   A        B        C        D        E       F      G
               +--------+--------+--------+--------+--------+-----+--------+
         Total |   1912 |   1875 |     37 |    100 |    867 |   4 |  478.0 |
       Dungeon |   1731 |   1694 |     37 |    100 |    867 |   3 |  577.0 |
         Sewer |    180 |    180 |      0 |      0 |      0 |   1 |  180.0 |
               +--------+--------+--------+--------+--------+-----+--------+

Top non-repeatable levels by time:
     D:1: 845 daAuts
     D:2: 658 daAuts
     D:3: 227 daAuts
   Sewer: 180 daAuts
